 Dungeon Crawl Stone Soup version 0.29-a0-506-ga2e7fffb44 (webtiles) character file.

Game seed: 9063600010859248867

556 YayAnonymity the Shield-Bearer (level 7, -1/60 HPs)
             Began as a Gnoll Fighter on May 29, 2022.
             Slain by an orc priest
             ... wielding a +0 whip
              (5 damage)
             ... on level 4 of the Dungeon.
             The game lasted 00:04:59 (3873 turns).

YayAnonymity the Shield-Bearer (Gnoll Fighter)      Turns: 3873, Time: 00:05:00

Health: -1/60      AC: 16    Str: 17    XL:     7   Next: 30%
Magic:  10/10      EV:  7    Int:  8    God:
Gold:   185        SH:  5    Dex: 11    Spells: 10/10 levels left

rFire   . . .      SeeInvis +   a - +0 trident
rCold   . . .      Faith    .   c - +0 buckler
rNeg    . . .      Spirit   .   k - +0 chain mail
rPois   .          Reflect  .   o - +1 helmet
rElec   .          Harm     .   (no cloak)
rCorr   +          Rampage  .   s - +1 pair of gloves "Reynamunn" {Will++ SInv}
Will    ++...                   f - +0 pair of boots
Stlth   ..........              (no amulet)
HPRegen 0.20/turn               n - ring of resist corrosion
MPRegen 0.12/turn               (no ring)

@: mighty
A: fangs 1, strong nose, distributed training
a: no special abilities


You were on level 4 of the Dungeon.
You visited 1 branch of the dungeon, and saw 5 of its levels.

You collected 185 gold pieces.

Inventory:

Hand Weapons
 a - a +0 trident (weapon)
Missiles
 v - 2 boomerangs (quivered)
Armour
 c - a +0 buckler (worn)
 f - a +0 pair of boots (worn)
 k - a +0 chain mail (worn)
 o - a +1 helmet (worn)
 s - the +1 pair of gloves "Reynamunn" (worn) {Will++ SInv}
   (You found it on level 5 of the Dungeon)

   SInv:      It lets you see invisible.
   Will:      It greatly increases your willpower.
Jewellery
 n - a ring of resist corrosion (left hand)
Wands
 i - a wand of iceblast (7)
 w - a wand of polymorph (4)
Scrolls
 l - a scroll of identify
 q - 5 scrolls of teleportation
Potions
 b - a potion of flight {unknown}
 e - 5 potions of lignification
 g - 6 potions of curing
 h - a potion of ambrosia {unknown}
 j - 2 potions of brilliance {unknown}
 p - a potion of haste {unknown}
 r - a potion of cancellation {unknown}
 t - 2 potions of degeneration {unknown}
 u - a potion of berserk rage {unknown}


   Skills:
 + Level 7.0 Fighting
 + Level 2.4 Short Blades
 + Level 2.4 Long Blades
 + Level 2.4 Axes
 + Level 2.4 Maces & Flails
 + Level 5.2 Polearms
 + Level 2.4 Staves
 + Level 2.4 Slings
 + Level 2.4 Bows
 + Level 2.4 Crossbows
 + Level 2.4 Throwing
 + Level 7.0 Armour
 + Level 2.4 Dodging
 + Level 2.4 Stealth
 + Level 7.0 Shields
 + Level 2.4 Unarmed Combat
 + Level 2.4 Spellcasting
 + Level 2.0 Conjurations
 + Level 2.0 Hexes
 + Level 2.0 Summonings
 + Level 2.0 Necromancy
 + Level 2.0 Translocations
 + Level 2.0 Transmutations
 + Level 2.0 Fire Magic
 + Level 2.0 Ice Magic
 + Level 2.0 Air Magic
 + Level 2.0 Earth Magic
 + Level 2.0 Poison Magic
 + Level 2.6 Invocations
 + Level 2.4 Evocations


You had 10 spell levels left.
You didn't know any spells.
Your spell library contained the following spells:

 Spells                   Type           Power      Damage    Failure   Level
 Freeze                   Ice            16%        1d4       92%         1
 Frozen Ramparts          Ice            8%         1d2       100%        3
 Hailstorm                Conj/Ice       4%         3d4       100%        4
 Leda's Liquefaction      Hex/Erth       2%         N/A       100%        4
 Lee's Rapid Deconstruct  Erth           2%         3d5*      100%        5
 Statue Form              Tmut/Erth      2%         N/A       100%        6


Dungeon Overview and Level Annotations

Branches:
Dungeon (5/15)
 Temple: D:4-7

Altars:

Shops:
D:1 :


Innate Abilities, Weirdness & Mutations

You have very sharp teeth.
Your uncanny sense of smell can sniff out nearby items.
Your experience applies equally to all skills.


Message History

The orc wizard hits you but does no damage.
You hit the orc priest.
The orc priest is heavily wounded.
The orc wizard hits you but does no damage.
The orc priest mumbles some strange prayers to Beogh against you.
Beogh smites you!
* * * LOW HITPOINT WARNING * * *
The orc closely misses you.
You hit the orc priest.
The orc priest is heavily wounded.
The orc priest calls down the wrath of Beogh upon you.
You resist with almost no effort. The orc wizard barely misses you.
The orc priest hits you with a +0 whip.
* * * LOW HITPOINT WARNING * * *
The orc closely misses you.
You feel very mighty all of a sudden.
The orc priest hits you but does no damage.
You block the orc wizard's attack.
The orc priest hits you but does no damage.
The orc hits you with a +0 flail.
* * * LOW HITPOINT WARNING * * *
You closely miss the orc priest.
The orc priest is heavily wounded.
The orc priest calls upon Beogh to heal the orc priest.
The orc priest is healed somewhat.
The orc wizard hits you with a +0 dagger.
* * * LOW HITPOINT WARNING * * *
You block the orc priest's attack. The orc barely misses you.
You hit the orc priest.
The orc priest is severely wounded.
The orc priest looks braver for a moment.
You block the orc wizard's attack.
The orc priest hits you but does no damage.
The orc hits you with a +0 flail.
* * * LOW HITPOINT WARNING * * *
You hit the orc priest.
The orc priest is severely wounded.
The orc priest barely misses you. The orc wizard closely misses you.
The orc priest hits you with a +0 whip.
You die...

.......# ... ........
...## ......# .....
#.....# ..
....###.....##...
...##......#... # ∆
##.##oo........ ...
#...o@o...>..# ....
###..#.)......## ....###
#....#.........#
.......##..............#
........#...............
##.†.†.............. .
#................... .
.##................... .
#..#....<.###...........


You could see 2 orc priests, an orc wizard (invisible) and an orc.

Vanquished Creatures
  A sky beast (D:4)
  A necrophage (D:4)
  A scorpion (D:3)
  A howler monkey (D:4)
  A hound (D:3)
  An orc priest (D:4)
  Jessica (D:3)
  An iguana (D:3)
  Natasha (thrice) (D:3)
  Robin (D:2)
  2 adders (D:3)
  2 worms (D:3)
  A dart slug (D:2)
  13 orcs
  3 ball pythons (D:2)
  2 endoplasms
  A giant cockroach (D:1)
  11 goblins
  10 hobgoblins
  4 jackals (D:5)
  8 kobolds
  5 quokkas
  6 bats
  4 frilled lizards
  2 rats
86 creatures vanquished.

Notes
Turn   | Place    | Note
-------+----------+-------------------------------------------
     0 | D:1      | YayAnonymity the Gnoll Fighter began the quest for the Orb.
     0 | D:1      | Reached XP level 1. HP: 23/23 MP: 1/1
   152 | D:1      | Found a faded altar of an unknown god.
   236 | D:1      | Found Biunla's Book Shoppe.
   837 | D:1      | Reached XP level 2. HP: 28/29 MP: 2/2
   987 | D:2      | Noticed Robin
  1119 | D:2      | Killed Robin
  1120 | D:2      | Reached XP level 3. HP: 27/35 MP: 2/4
  1268 | D:2      | Reached skill level 1 in Invocations
  1638 | D:2      | Reached skill level 1 in Short Blades
  1638 | D:2      | Reached skill level 1 in Long Blades
  1638 | D:2      | Reached skill level 1 in Axes
  1638 | D:2      | Reached skill level 1 in Maces & Flails
  1638 | D:2      | Reached skill level 1 in Staves
  1638 | D:2      | Reached skill level 1 in Slings
  1638 | D:2      | Reached skill level 1 in Bows
  1638 | D:2      | Reached skill level 1 in Crossbows
  1638 | D:2      | Reached skill level 1 in Throwing
  1638 | D:2      | Reached skill level 1 in Dodging
  1638 | D:2      | Reached skill level 1 in Stealth
  1638 | D:2      | Reached skill level 1 in Unarmed Combat
  1638 | D:2      | Reached skill level 1 in Spellcasting
  1638 | D:2      | Reached skill level 1 in Evocations
  1839 | D:3      | You fall into a shaft and drop 2 floors!
  1839 | D:5      | Entered Level 5 of the Dungeon
  1861 | D:5      | Identified the +1 pair of gloves "Reynamunn" {Will++ SInv}
  1894 | D:5      | Reached XP level 4. HP: 35/41 MP: 5/5
  2005 | D:5      | Noticed a necrophage
  2200 | D:3      | Noticed Natasha
  2210 | D:3      | Killed Natasha
  2211 | D:3      | Reached skill level 1 in Conjurations
  2211 | D:3      | Reached skill level 1 in Hexes
  2211 | D:3      | Reached skill level 1 in Summonings
  2211 | D:3      | Reached skill level 1 in Necromancy
  2211 | D:3      | Reached skill level 1 in Translocations
  2211 | D:3      | Reached skill level 1 in Transmutations
  2211 | D:3      | Reached skill level 1 in Fire Magic
  2211 | D:3      | Reached skill level 1 in Ice Magic
  2211 | D:3      | Reached skill level 1 in Air Magic
  2211 | D:3      | Reached skill level 1 in Earth Magic
  2211 | D:3      | Reached skill level 1 in Poison Magic
  2364 | D:3      | Reached XP level 5. HP: 40/47 MP: 6/6
  2686 | D:3      | Noticed Natasha
  2693 | D:3      | Killed Natasha
  2788 | D:3      | Noticed Jessica
  2795 | D:3      | Killed Jessica
  3243 | D:3      | Noticed Natasha
  3249 | D:3      | Killed Natasha
  3387 | D:4      | Reached XP level 6. HP: 53/53 MP: 8/8
  3438 | D:3      | Reached skill level 5 in Polearms
  3650 | D:4      | Noticed a sky beast
  3666 | D:4      | Killed a sky beast
  3667 | D:4      | Reached XP level 7. HP: 50/59 MP: 10/10
  3873 | D:4      | Slain by an orc priest

Illustrated notes

Levels and vault maps discovered:
D:1:      lightli_arrival_windingriver, layout_basic, serial_shops,
          nicolae_shop_competitors_out_of_business,
          shapermc_ecumenical_altar_ellora, due_unseen_surprise
D:2:      layout_basic, fountainhead, uniq_robin
D:3:      layout_loops_cross, supply_closet_lemuel,
          wander_ebering_terrifying_dragon_lair, uniq_natasha, uniq_jessica
D:4:      layout_cave_pools
D:5:      layout_loops_cross, uniq_pikel

Skill      XL: |  1  2  3  4  5  6  7 |
---------------+----------------------+-----
Invocations    | 1 2 |  2.6
Short Blades   | 1 2 |  2.4
Long Blades    | 1 2 |  2.4
Axes           | 1 2 |  2.4
Maces & Flails | 1 2 |  2.4
Staves         | 1 2 |  2.4
Slings         | 1 2 |  2.4
Bows           | 1 2 |  2.4
Crossbows      | 1 2 |  2.4
Throwing       | 1 2 |  2.4
Dodging        | 1 2 |  2.4
Stealth        | 1 2 |  2.4
Unarmed Combat | 1 2 |  2.4
Spellcasting   | 1 2 |  2.4
Evocations     | 1 2 |  2.4
Conjurations   | 1 2 |  2.0
Hexes          | 1 2 |  2.0
Summonings     | 1 2 |  2.0
Necromancy     | 1 2 |  2.0
Translocations | 1 2 |  2.0
Transmutations | 1 2 |  2.0
Fire Magic     | 1 2 |  2.0
Ice Magic      | 1 2 |  2.0
Air Magic      | 1 2 |  2.0
Earth Magic    | 1 2 |  2.0
Poison Magic   | 1 2 |  2.0
Polearms       | 5 |  5.2
Fighting       | 7 |  7.0
Armour         | 7 |  7.0
Shields        | 7 |  7.0

Action                   |  1- 3 |  4- 6 |  7- 9 || total
-------------------------+-------+-------+-------++-------
Melee: Trident           |   130 |   165 |    64 ||   359
       Bite              |    11 |     6 |     9 ||    26
  Use: Scroll            |       |     5 |     1 ||     6
       Potion            |       |       |     1 ||     1
Armor: Scale mail        |    64 |    30 |       ||    94
       Chain mail        |       |    84 |    37 ||   121
Dodge: Dodged            |    39 |    66 |    24 ||   129
Block: Buckler           |    33 |    64 |    12 ||   109

Table legend: (Time is in decaauts)
 A = Elapsed time spent in this place.
 B = Non-inter-level travel time spent in this place.
 C = Inter-level travel time spent in this place.
 D = Time resting spent in this place.
 E = Time spent auto-exploring this place.
 F = Levels seen in this place.
 G = Mean time per level.
                   A        B        C        D        E       F      G
               +--------+--------+--------+--------+--------+-----+--------+
         Total |   3913 |   3800 |    113 |    378 |   2616 |   5 |  782.6 |
       Dungeon |   3913 |   3800 |    113 |    378 |   2616 |   5 |  782.6 |
               +--------+--------+--------+--------+--------+-----+--------+

Top non-repeatable levels by time:
     D:3: 1537 daAuts
     D:1: 970 daAuts
     D:2: 873 daAuts
     D:4: 334 daAuts
     D:5: 197 daAuts
